3L
MONTANA PANDAS @ PANAMA CITY PIRANHAS
05/06/2039
 
TOP OF THE 1ST
Montana Pandas batting - Pitching for Panama City Piranhas : RHP Masahiro Sakei
Pitching: RHP Masahiro Sakei
Batting: SHB Javier Vázquez 0-0: Ball
1-0: Foul Ball, location: 2F
1-1: Called Strike
1-2: Strikes out looking
Batting: LHB DeMarvion Overshown 0-0: Ball
1-0: Called Strike
1-1: Swinging Strike
1-2: Foul Ball, location: 2F
1-2: Foul Ball, location: 2F
1-2: Strikes out looking
Batting: SHB Melito Báez 0-0: Ball
1-0: Ball
2-0: Ball
3-0: Called Strike
3-1: Base on Balls
Batting: LHB Rick Mayfield 0-0: Called Strike
0-1: Ball
1-1: Swinging Strike
1-2: Foul Ball, location: 2F
1-2: Ball
2-2: Ball
3-2: Foul Ball, location: 2F
3-2: Fly out, F9 (Flyball, 89S, EV 93.8 MPH)
Top of the 1st over - 0 runs, 0 hits, 0 errors, 1 left on base; Montana 0 - Panama City 0
BOTTOM OF THE 1ST
Panama City Piranhas batting - Pitching for Montana Pandas : LHP Dennis Bly
Pitching: LHP Dennis Bly
Batting: RHB Kieran Hansen 0-0: Ball
1-0: Ball
2-0: Ball
3-0: Called Strike
3-1: SINGLE (Flyball, 89S, EV 91.2 MPH)
Batting: RHB António Mendoza 0-0: Ball
1-0: Foul Ball, location: 2F
1-1: Ball
2-1: Ball
3-1: DOUBLE (Flyball, 8RXD, EV 98.8 MPH)
Kieran Hansen to third
Batting: RHB Silvio Bonauiti 0-0: Called Strike
0-1: Foul Ball, location: 2F
0-2: Foul Ball, location: 2F
0-2: Ball
1-2: Ball
2-2: Foul Ball, location: 2F
2-2: Foul Ball, location: 2F
2-2: Foul Ball, location: 2F
2-2: SINGLE (Groundball, 25, EV 70.6 MPH) (infield hit)
Batting: SHB Ben Boston 0-0: Ball
1-0: Foul Ball, location: 2F
1-1: SINGLE (Groundball, 6D, EV 108.1 MPH)
Kieran Hansen scores
António Mendoza to third
Silvio Bonauiti to second
Batting: SHB Tom Dickinson 0-0: Swinging Strike
0-1: Ball
1-1: Ball
2-1: SINGLE (Line Drive, 78M, EV 110.0 MPH)
António Mendoza scores
Silvio Bonauiti to third
Ben Boston to second
Batting: RHB Craig Tricket 0-0: Called Strike
0-1: Ball
1-1: Foul Ball, location: 2F
1-2: Strikes out swinging
Batting: RHB Arsenio Laurel 0-0: Foul Ball, location: 2F
0-1: Ball
1-1: Ball
2-1: Called Strike
2-2: Foul Ball, location: 2F
2-2: DOUBLE (Line Drive, 7LS, EV 106.2 MPH)
Silvio Bonauiti scores
Ben Boston scores
Tom Dickinson to third
Batting: RHB Bruno Williams 0-0: Swinging Strike
0-1: Swinging Strike
0-2: Strikes out looking
Batting: LHB José Ocasio 0-0: Ball
1-0: Ball
2-0: Swinging Strike
2-1: DOUBLE (Line Drive, 8RXD, EV 99.4 MPH)
Tom Dickinson scores
Arsenio Laurel scores
Pitching: LHP Billy Brooks
Batting: RHB Kieran Hansen 0-0: Called Strike
0-1: Foul Ball, location: 2F
0-2: Ground out 6-3 (Groundball, 6, EV 108.1 MPH)
Bottom of the 1st over - 6 runs, 7 hits, 0 errors, 1 left on base; Montana 0 - Panama City 6
TOP OF THE 2ND
Montana Pandas batting - Pitching for Panama City Piranhas : RHP Masahiro Sakei
Batting: LHB Shohei Otani 0-0: Ball
1-0: Ground out 4-3 (Groundball, 4D, EV 100.6 MPH)
Batting: RHB Qi-chao Di 0-0: Ball
1-0: Ball
2-0: Swinging Strike
2-1: Called Strike
2-2: Strikes out swinging
Batting: LHB Tsai Ng 0-0: Ball
1-0: Foul Ball, location: 2F
1-1: Ball
2-1: Swinging Strike
2-2: Foul Ball, location: 2F
2-2: Strikes out swinging
Top of the 2nd over - 0 runs, 0 hits, 0 errors, 0 left on base; Montana 0 - Panama City 6
BOTTOM OF THE 2ND
Panama City Piranhas batting - Pitching for Montana Pandas : LHP Billy Brooks
Batting: RHB António Mendoza 0-0: Foul Ball, location: 2F
0-1: Called Strike
0-2: Ball
1-2: Foul Ball, location: 2F
1-2: Foul Ball, location: 2F
1-2: Ball
2-2: Ball
3-2: Foul Ball, location: 2F
3-2: Foul Ball, location: 2F
3-2: Fly out, F9 (Flyball, 89M, EV 89.4 MPH)
Batting: RHB Silvio Bonauiti 0-0: Called Strike
0-1: Ball
1-1: Foul Ball, location: 2F
1-2: SINGLE (Groundball, 34D, EV 104.4 MPH)
Pitching: RHP Nésto Gago
Batting: SHB Ben Boston 0-0: Ball
1-0: Called Strike
Silvio Bonauiti steals 2nd base (no throw)
1-1: Ball
2-1: SINGLE (Line Drive, 9S, EV 101.9 MPH)
Silvio Bonauiti to third
Runner from 3rd tries for Home, SAFE, throw by RF to home
Ben Boston to second
Batting: SHB Tom Dickinson 0-0: Ball
1-0: Ball
2-0: Ball
3-0: Base on Balls
Batting: RHB Craig Tricket 0-0: Ball
1-0: Called Strike
1-1: Ball
2-1: Foul Ball, location: 2F
2-2: Strikes out swinging
Batting: RHB Arsenio Laurel 0-0: Ball
1-0: Called Strike
1-1: Ball
2-1: Ball
3-1: Base on Balls
Ben Boston to third
Tom Dickinson to second
Batting: RHB Bruno Williams 0-0: Ball
1-0: Fielders Choice at 2nd, 6-4 (Groundball, 6, EV 88.1 MPH)
Bottom of the 2nd over - 1 run, 2 hits, 0 errors, 3 left on base; Montana 0 - Panama City 7
TOP OF THE 3RD
Montana Pandas batting - Pitching for Panama City Piranhas : RHP Masahiro Sakei
Batting: RHB Panas Pletnev 0-0: Called Strike
0-1: Ball
1-1: SINGLE (Groundball, 34S, EV 83.1 MPH) (infield hit)
Batting: LHB António Boccanegra 0-0: Ball
1-0: Ball
2-0: Ball
3-0: Called Strike
3-1: Foul Ball, location: 2F
3-2: Base on Balls
Panas Pletnev to second
Batting: SHB Javier Vázquez 0-0: Ball
1-0: Called Strike
1-1: Ball
2-1: Ball
3-1: Foul Ball, location: 2F
3-2: Strikes out looking
Batting: LHB DeMarvion Overshown 0-0: Ball
1-0: Ball
2-0: Ball
3-0: Base on Balls
Panas Pletnev to third
António Boccanegra to second
Batting: SHB Melito Báez 0-0: Ball
1-0: Called Strike
1-1: Foul Ball, location: 2F
1-2: Strikes out swinging
Batting: LHB Rick Mayfield 0-0: Hit by Pitch
Panas Pletnev scores
António Boccanegra to third
DeMarvion Overshown to second
Batting: LHB Shohei Otani 0-0: Called Strike
0-1: Ball
1-1: Fly out, F7 (Flyball, 7D, EV 100.6 MPH)
Top of the 3rd over - 1 run, 1 hit, 0 errors, 3 left on base; Montana 1 - Panama City 7
BOTTOM OF THE 3RD
Panama City Piranhas batting - Pitching for Montana Pandas : RHP Nésto Gago
Batting: LHB José Ocasio 0-0: Ball
1-0: Ball
2-0: Ball
3-0: Base on Balls
Batting: RHB Kieran Hansen 0-0: Ball
1-0: Grounds into double play, 6-4-3 (Groundball, 6, EV 106.2 MPH)
Batting: RHB António Mendoza 0-0: SINGLE (Groundball, 4D, EV 101.2 MPH)
Batting: RHB Silvio Bonauiti 0-0: Called Strike
0-1: Foul Ball, location: 2F
0-2: Fly out, F8 (Line Drive, 8LD, EV 110.6 MPH)
Bottom of the 3rd over - 0 runs, 1 hit, 0 errors, 1 left on base; Montana 1 - Panama City 7
TOP OF THE 4TH
Montana Pandas batting - Pitching for Panama City Piranhas : RHP Masahiro Sakei
Batting: RHB Qi-chao Di 0-0: Ball
1-0: Ground out 4-3 (Groundball, 4, EV 87.5 MPH)
Batting: LHB Tsai Ng 0-0: SINGLE (Groundball, 6D, EV 100.0 MPH)
Batting: RHB Panas Pletnev 0-0: Called Strike
0-1: Ball
1-1: Fly out, F5 (Line Drive, 5, EV 62.5 MPH)
Batting: LHB António Boccanegra 0-0: Ball
1-0: Swinging Strike
1-1: Ball
2-1: Foul Ball, location: 2F
2-2: Ball
3-2: Foul Ball, location: 2F
3-2: Strikes out swinging
Top of the 4th over - 0 runs, 1 hit, 0 errors, 1 left on base; Montana 1 - Panama City 7
BOTTOM OF THE 4TH
Panama City Piranhas batting - Pitching for Montana Pandas : RHP Nésto Gago
Batting: SHB Ben Boston 0-0: Ball
1-0: Fly out, F8 (Flyball, 8LD, EV 91.9 MPH)
Batting: SHB Tom Dickinson 0-0: Ball
1-0: Foul Ball, location: 2F
1-1: SINGLE (Flyball, 78M, EV 92.5 MPH)
Batting: RHB Craig Tricket 0-0: Called Strike
0-1: Ball
1-1: Called Strike
1-2: Ball
2-2: Strikes out swinging
Batting: RHB Arsenio Laurel 0-0: Ball
1-0: Called Strike
1-1: Fly out, F7 (Line Drive, 7, EV 90.0 MPH)
Bottom of the 4th over - 0 runs, 1 hit, 0 errors, 1 left on base; Montana 1 - Panama City 7
TOP OF THE 5TH
Montana Pandas batting - Pitching for Panama City Piranhas : RHP Masahiro Sakei
Batting: SHB Javier Vázquez 0-0: Ball
1-0: Foul Ball, location: 2F
1-1: Foul Ball, location: 2F
1-2: Foul Ball, location: 2F
1-2: Ball
2-2: Foul Ball, location: 2F
2-2: Foul Ball, location: 2F
2-2: Foul Ball, location: 2F
2-2: Strikes out looking
Batting: LHB DeMarvion Overshown 0-0: Ball
1-0: Called Strike
1-1: Reached on error, E6 (Popup, 6M, EV 51.9 MPH)
Batting: SHB Melito Báez 0-0: Called Strike
0-1: Ball
1-1: Swinging Strike
1-2: SINGLE (Groundball, 34D, EV 96.2 MPH)
DeMarvion Overshown to second
Batting: LHB Rick Mayfield 0-0: Called Strike
0-1: Ball
1-1: Ball
2-1: Foul Ball, location: 2F
2-2: Ball
3-2: Foul Ball, location: 2F
3-2: Fly out, F8 (Flyball, 8RS, EV 89.4 MPH)
Batting: LHB Shohei Otani 0-0: Ball
1-0: Foul Ball, location: 2F
1-1: Swinging Strike
1-2: Ball
2-2: Ball
3-2: Foul Ball, location: 2F
3-2: Ground out U3 (Groundball, 3, EV 85.0 MPH)
Top of the 5th over - 0 runs, 1 hit, 1 error, 2 left on base; Montana 1 - Panama City 7
BOTTOM OF THE 5TH
Panama City Piranhas batting - Pitching for Montana Pandas : RHP Nésto Gago
Pitching: RHP Young-jong Pak
Batting: RHB Bruno Williams 0-0: Called Strike
0-1: Swinging Strike
0-2: Strikes out swinging
Batting: LHB José Ocasio 0-0: Ball
1-0: Ground out 6-3 (Groundball, 6S, EV 88.1 MPH)
Batting: RHB Kieran Hansen 0-0: Called Strike
0-1: Swinging Strike
0-2: Ball
1-2: Strikes out looking
Bottom of the 5th over - 0 runs, 0 hits, 0 errors, 0 left on base; Montana 1 - Panama City 7
TOP OF THE 6TH
Montana Pandas batting - Pitching for Panama City Piranhas : RHP Masahiro Sakei
Pitching: RHP Orynn Veillon
Batting: RHB Qi-chao Di 0-0: Called Strike
0-1: Called Strike
0-2: Foul Ball, location: 2F
0-2: Fly out, F9 (Flyball, 9LSF, EV 92.5 MPH)
Batting: LHB Tsai Ng 0-0: Called Strike
0-1: Ball
1-1: Swinging Strike
1-2: Strikes out swinging
Batting: RHB Panas Pletnev 0-0: Foul Ball, location: 2F
0-1: Ground out 4-3 (Groundball, 4M, EV 84.4 MPH)
Top of the 6th over - 0 runs, 0 hits, 0 errors, 0 left on base; Montana 1 - Panama City 7
BOTTOM OF THE 6TH
Panama City Piranhas batting - Pitching for Montana Pandas : RHP Young-jong Pak
Batting: RHB António Mendoza 0-0: Ball
1-0: Ground out 5-3 (Groundball, 5S, EV 90.0 MPH)
Batting: RHB Silvio Bonauiti 0-0: Called Strike
0-1: DOUBLE (Groundball, 5L, EV 103.8 MPH)
Pitching: RHP Dave Seals
Batting: SHB Ben Boston 0-0: Foul Ball, location: 2F
0-1: Ball
1-1: Ground out 4-3 (Groundball, 4M, EV 80.0 MPH)
Silvio Bonauiti to third
Batting: SHB Tom Dickinson 0-0: Called Strike
0-1: Foul Ball, location: 2F
0-2: Ball
1-2: Ball
2-2: Ground out 4-3 (Groundball, 4, EV 105.0 MPH)
Bottom of the 6th over - 0 runs, 1 hit, 0 errors, 1 left on base; Montana 1 - Panama City 7
TOP OF THE 7TH
Montana Pandas batting - Pitching for Panama City Piranhas : RHP Orynn Veillon
Batting: LHB António Boccanegra 0-0: Called Strike
0-1: Foul Ball, location: 2F
0-2: Ball
1-2: Ball
2-2: Ground out 6-3 (Groundball, 6S, EV 91.9 MPH)
Batting: SHB Javier Vázquez 0-0: Ground out U3 (Groundball, 3, EV 86.2 MPH)
Batting: LHB DeMarvion Overshown 0-0: Ball
1-0: Ball
2-0: Ball
3-0: Called Strike
3-1: Base on Balls
Batting: SHB Melito Báez 0-0: Ball
1-0: SINGLE (Groundball, 6MD, EV 108.1 MPH)
DeMarvion Overshown to second
Batting: LHB Rick Mayfield 0-0: Swinging Strike
0-1: Ball
1-1: Foul Ball, location: 2F
1-2: Strikes out swinging
Top of the 7th over - 0 runs, 1 hit, 0 errors, 2 left on base; Montana 1 - Panama City 7
BOTTOM OF THE 7TH
Panama City Piranhas batting - Pitching for Montana Pandas : RHP Dave Seals
Batting: RHB Craig Tricket 0-0: Ball
1-0: Ball
2-0: Ball
3-0: Called Strike
3-1: Base on Balls
Pitching: RHP Ramón Martínez
Batting: RHB Arsenio Laurel 0-0: Ball
1-0: Ball
2-0: Ball
3-0: Base on Balls
Craig Tricket to second
Pitching: RHP Tim Sandaele
Batting: RHB Bruno Williams 0-0: Fielders Choice at 2nd, 6-4 (Groundball, 6, EV 106.2 MPH)
Craig Tricket to third
Batting: LHB José Ocasio 0-0: Grounds into double play, 6-4-3 (Groundball, 6, EV 102.5 MPH)
Bottom of the 7th over - 0 runs, 0 hits, 0 errors, 1 left on base; Montana 1 - Panama City 7
TOP OF THE 8TH
Montana Pandas batting - Pitching for Panama City Piranhas : RHP Orynn Veillon
Batting: LHB Shohei Otani 0-0: Foul Ball, location: 2F
0-1: Hit by Pitch
Batting: RHB Qi-chao Di 0-0: Ball
1-0: Called Strike
1-1: Ball
2-1: Foul Ball, location: 2F
2-2: Ball
3-2: Strikes out swinging
Batting: LHB Tsai Ng 0-0: Foul Ball, location: 2F
0-1: Foul Ball, location: 2F
0-2: Ball
1-2: Ball
2-2: Strikes out looking
Batting: RHB Panas Pletnev 0-0: Ball
1-0: Called Strike
1-1: Foul Ball, location: 2F
1-2: Fly out, F9 (Line Drive, 9, EV 90.6 MPH)
Top of the 8th over - 0 runs, 0 hits, 0 errors, 1 left on base; Montana 1 - Panama City 7
BOTTOM OF THE 8TH
Panama City Piranhas batting - Pitching for Montana Pandas : RHP Tim Sandaele
Batting: RHB Kieran Hansen 0-0: Ball
1-0: Ball
2-0: Ground out 6-3 (Groundball, 6S, EV 82.5 MPH)
Batting: RHB António Mendoza 0-0: Ball
1-0: Ball
2-0: Ball
3-0: Base on Balls
Batting: RHB Silvio Bonauiti 0-0: Ball
1-0: Ball
2-0: Ball
3-0: Base on Balls
António Mendoza to second
Batting: SHB Ben Boston 0-0: Called Strike
0-1: Ball
1-1: Foul Ball, location: 2F
1-2: Foul Ball, location: 2F
1-2: Strikes out looking
Batting: SHB Tom Dickinson 0-0: Called Strike
0-1: Swinging Strike
0-2: Ball
1-2: Ball
2-2: Ball
3-2: Base on Balls
António Mendoza to third
Silvio Bonauiti to second
Batting: RHB Craig Tricket 0-0: Called Strike
0-1: Ball
1-1: Ball
2-1: Foul Ball, location: 2F
2-2: Foul Ball, location: 2F
2-2: Ball
3-2: Foul Ball, location: 2F
3-2: Base on Balls
António Mendoza scores
Silvio Bonauiti to third
Tom Dickinson to second
Batting: RHB Arsenio Laurel 0-0: Foul Ball, location: 2F
0-1: Ball
1-1: Foul Ball, location: 2F
1-2: Foul Ball, location: 2F
1-2: Foul Ball, location: 2F
1-2: Ball
2-2: Ball
3-2: Base on Balls
Silvio Bonauiti scores
Tom Dickinson to third
Craig Tricket to second
Batting: RHB Bruno Williams 0-0: Called Strike
0-1: Foul Ball, location: 2F
0-2: Fly out, F3 (Flyball, 3D, EV 80.6 MPH)
Bottom of the 8th over - 2 runs, 0 hits, 0 errors, 3 left on base; Montana 1 - Panama City 9
TOP OF THE 9TH
Montana Pandas batting - Pitching for Panama City Piranhas : RHP Orynn Veillon
Batting: LHB António Boccanegra 0-0: Ball
1-0: Ball
2-0: Foul Ball, location: 2F
2-1: Called Strike
2-2: Ball
3-2: Foul Ball, location: 2F
3-2: Ground out U3 (Groundball, 3, EV 91.9 MPH)
Pitching: RHP José Rosales
Batting: SHB Javier Vázquez 0-0: Called Strike
0-1: Ball
1-1: Foul Ball, location: 2F
1-2: Foul Ball, location: 2F
1-2: Ball
2-2: Foul Ball, location: 2F
2-2: Strikes out swinging
Batting: LHB DeMarvion Overshown 0-0: Ball
1-0: Ground out 4-3 (Groundball, 4, EV 81.2 MPH)
Top of the 9th over - 0 runs, 0 hits, 0 errors, 0 left on base; Montana 1 - Panama City 9
Wednesday, July 8th, 2020 - OOTP Baseball 20.8 Build 74